 Dungeon Crawl Stone Soup version 0.26-a0-1040-gbe3abf3417 (webtiles) character file.

Game seed: 14157209090753291481

773 streetpizza the Digger (level 7, -9/42 HPs)
             Began as a Gargoyle Earth Elementalist on Dec 11, 2020.
             Was an Initiate of Vehumet.
             Mangled by a small abomination (17 damage)
             ... on level 4 of the Dungeon.
             The game lasted 00:22:57 (5181 turns).

streetpizza the Digger (GrEE)                       Turns: 5181, Time: 00:22:59

Health: -9/42      AC:  6    Str: 11    XL:     7   Next: 83%
Magic:  9/12       EV: 13    Int: 18    God:    Vehumet [......]
Gold:   233        SH:  0    Dex: 10    Spells: 12/13 levels left

rFire    . . .     SeeInvis .   v - +1 whip (flame)
rCold    . . .     Faith    .   (no shield)
rNeg     + . .     Spirit   .   c - +0 robe
rPois    ∞         Reflect  .   (no helmet)
rElec    +         Harm     .   (no cloak)
rCorr    .         Rampage  .   (no gloves)
Will     .....                  (no boots)
Stlth    ++........             (no amulet)
HPRegen  0.14/turn              (no ring)
MPRegen  0.13/turn              (no ring)

@: no status effects
A: negative energy resistance 1, electricity resistance, unbreathing,
petrification resistance, rot immunity, AC +4
a: Renounce Religion


You were on level 4 of the Dungeon.
You worshipped Vehumet.
Vehumet was noncommittal.
You visited 2 branches of the dungeon, and saw 5 of its levels.

You collected 233 gold pieces.

Inventory:

Hand Weapons
 j - a +2 vorpal hunting sling
 t - a +0 war axe
 v - a +1 whip of flaming (weapon)
 w - a +0 dagger of electrocution
 C - the +2 whip of Magnificence {distort, Dex+7}
   (You took it off a kobold on level 4 of the Dungeon)

   It warps and distorts space around it.
   Unwielding it can cause banishment or high damage.
   It affects your dexterity (+7).
Missiles
 b - 95 stones
 k - 26 poisoned darts (quivered)
 l - 43 sling bullets
Armour
 c - a +0 robe (worn)
Jewellery
 x - a +6 ring of intelligence
 y - an uncursed amulet of the acrobat {unknown}
 A - a +6 ring of dexterity {unknown}
Scrolls
 a - 2 scrolls of teleportation {unknown}
 e - 3 scrolls of remove curse
 f - a scroll of fear
 g - 2 scrolls of magic mapping
 i - 4 scrolls of identify
 o - 3 scrolls of blinking
 p - 2 scrolls of immolation {unknown}
Potions
 d - a potion of brilliance {unknown}
 h - 2 potions of lignification
 m - 4 potions of curing {unknown}
 n - a potion of heal wounds
 q - a potion of ambrosia {unknown}
 r - a potion of haste {unknown}
 s - a potion of mutation {unknown}
 u - a potion of berserk rage {unknown}
 z - a potion of might {unknown}
 B - a potion of attraction {unknown}


   Skills:
 + Level 3.8 Fighting
 + Level 3.5 Dodging
 - Level 2.1 Stealth
 + Level 3.9 Spellcasting
 - Level 0.7 Transmutations
 * Level 7.2 Earth Magic


You had 12 spell levels left.
You knew the following spells:

 Your Spells              Type           Power        Failure   Level
a - Sandblast             Erth           ####..       1%          1

Your spell library contained the following spells:

 Spells                   Type           Power        Failure   Level
 Passwall                 Tmut/Erth      ###.....     4%          2
 Stone Arrow              Conj/Erth      ###...       10%         3
 Lee's Rapid Deconstruct  Erth           ####......   22%         5
 Petrify                  Tmut/Erth      ###.....     28%         4


Dungeon Overview and Level Annotations

Branches:
Dungeon (4/15)             Temple (1/1) D:4

Altars:
Cheibriados
Dithmenos
Elyvilon
Fedhas
Hepliaklqana
Kikubaaqudgha
Makhleb
Nemelex Xobeh
Okawaru
Qazlal
Ru
Sif Muna
Trog
Uskayaw
Vehumet
Wu Jian
Yredelemnul
Zin
The Shining One

Portals:
Abyss: D:4

Annotations:
D:4 1 transporter, Smugzug's ghost, amateur HOFi


Innate Abilities, Weirdness & Mutations

You are resistant to torment.
Your stone body is resilient. (AC +4)
You are immune to poison.
You resist negative energy. (rN+)
You are resistant to electric shocks. (rElec)
You can survive without breathing.
You are immune to petrification.
You are immune to rotting.


Message History

b - 97 stones The small abomination barely misses you.
Casting: Sandblast (safe; 1% risk of failure)
Confirm with . or Enter, or press ? or * to list all spells.
Aiming: Sandblast (safe; 1% risk of failure)
Press: ? - help, Shift-Dir - straight line, f/p - small abomination
Aim: a small abomination (moderately damaged, 19% to evade)
The blast of sand misses the small abomination.
b - 96 stones The small abomination hits you!!
* * * LOW HITPOINT WARNING * * *
Casting: Sandblast (safe; 1% risk of failure)
Confirm with . or Enter, or press ? or * to list all spells.
Aiming: Sandblast (safe; 1% risk of failure)
Press: ? - help, Shift-Dir - straight line, f/p - small abomination
Aim: a small abomination (moderately damaged, 19% to evade)
The blast of sand misses the small abomination.
b - 95 stones The small abomination hits you!
You die...

##.##...##......©.....
#......####....###..(.
#...####..##..##W#....
#..##.?.#.©#..#:.#....
#..#.##..###..##.##...
#..##§^.###...##..#...
#...##.$#....##§###...
#...##x.##.###.. ##..#
#..##@#†.###...###..##
#..#...#∩....#.#...##
##.##.####^....##..##
#..##.#......^.##..#
##..#..#.####.#.##.##
#.##...##©.#....#...
#.#.©###...###K##..#
#.####.......###(.##
#......#####.)...##


You could see a small abomination.

Vanquished Creatures
  Menkaure (D:4)
  An ogre (D:4)
  A centaur skeleton (D:4)
  An orc priest (D:3)
  2 bullfrog skeletons (D:4)
  An orc wizard (D:3)
  An iguana (D:3)
  Natasha (thrice) (D:2)
  3 worker ants (D:4)
  A hound zombie (D:3)
  10 gnolls
  5 adders
  An ufetubus (D:4)
  2 worms
  2 dart slugs
  A leopard gecko (D:4)
  9 orcs
  A ball python (D:2)
  5 bats
  3 giant cockroaches
  6 goblins
  9 hobgoblins
  9 jackals
  6 kobolds
  8 frilled lizards
  10 rats
102 creatures vanquished.

Notes
Turn   | Place    | Note
-------+----------+-------------------------------------------
     0 | D:1      | streetpizza the Gargoyle Earth Elementalist began the quest
                  | for the Orb.
     0 | D:1      | Reached XP level 1. HP: 10/10 MP: 3/3
   161 | D:1      | Reached XP level 2. HP: 16/16 MP: 3/5
   633 | D:1      | Reached skill level 4 in Earth Magic
   673 | D:1      | Reached skill level 1 in Fighting
   743 | D:1      | Reached XP level 3. HP: 20/20 MP: 2/6
   962 | D:2      | Found a basalt altar of Yredelemnul.
  1144 | D:2      | Found a bloodstained altar of Trog.
  1174 | D:2      | Noticed Natasha
  1178 | D:2      | Killed Natasha
  1287 | D:2      | Reached XP level 4. HP: 25/25 MP: 5/7
  1579 | D:2      | Noticed Natasha
  1624 | D:2      | Killed Natasha
  2057 | D:2      | Noticed Natasha
  2067 | D:2      | Killed Natasha
  2068 | D:2      | Reached skill level 5 in Earth Magic
  2068 | D:2      | Reached XP level 5. HP: 30/30 MP: 4/9
  3057 | D:3      | Found a stormy altar of Qazlal.
  3072 | D:3      | Reached XP level 6. HP: 18/36 MP: 3/10
  3728 | D:3      | Reached skill level 6 in Earth Magic
  3976 | D:4      | Found a transporter.
  3985 | D:4      | Found a transporter.
  4016 | D:4      | Reached XP level 7. HP: 27/41 MP: 12/12
  4139 | D:4      | Noticed Smugzug's ghost (amateur HOFi)
  4183 | D:4      | Noticed a small abomination
  4205 | D:4      | Identified the +2 whip of Magnificence {distort, Dex+7}
  4258 | D:4      | Noticed a small abomination
  4369 | D:4      | HP: 2/41 [gnoll/+0 flail (6)]
  4829 | D:4      | Noticed Menkaure
  4833 | D:4      | Killed Menkaure
  4834 | D:4      | Reached skill level 7 in Earth Magic
  4922 | D:4      | Found a staircase to the Ecumenical Temple.
  4930 | Temple   | Entered the Ecumenical Temple
  5065 | Temple   | Became a worshipper of Vehumet
  5165 | D:4      | Found a one-way gate to the infinite horrors of the Abyss.
  5181 | D:4      | Mangled by a small abomination

Illustrated notes

Levels and vault maps discovered:
D:1:      wander_arrival_chamber, layout_basic, minmay_misc_feat_chi
D:2:      layout_basic, lightli_temple_of_fire, overflow_temple_1_default,
          chequers_serial_rivers_room_b, minmay_vboxes, uniq_natasha
D:3:      layout_basic, nicolae_qazlal_general_emergency
D:4:      layout_basic, minmay_temple_entry_trees,
          gammafunk_ghost_abyssal_escape, uniq_menkaure
Temple:   nicolae_temple_elliptical

Skill      XL: |  1  2  3  4  5  6  7 |
---------------+----------------------+-----
Earth Magic    | 4 5 6 7 |  7.2
Fighting       | 1 2 3 |  3.8
Dodging        | 2 3 |  3.5
Spellcasting   | 3 |  3.9
Stealth        | |  2.1
Transmutations | |  0.7

Action                   |  1- 3 |  4- 6 |  7- 9 || total
-------------------------+-------+-------+-------++-------
Melee: Unarmed           |       |    21 |       ||    21
       War axe           |       |   134 |    61 ||   195
       Whip              |       |       |    10 ||    10
 Fire: Hunting sling     |     1 |       |       ||     1
 Cast: Sandblast         |    32 |    53 |    22 ||   107
  Use: Scroll            |       |     6 |     1 ||     7
       Potion            |       |       |     1 ||     1
 Stab: Sleeping          |       |     2 |       ||     2
Armor: Robe              |     3 |    71 |    36 ||   110
Dodge: Dodged            |     6 |   134 |    89 ||   229

Table legend: (Time is in decaauts)
 A = Elapsed time spent in this place.
 B = Non-inter-level travel time spent in this place.
 C = Inter-level travel time spent in this place.
 D = Time resting spent in this place.
 E = Time spent auto-exploring this place.
 F = Levels seen in this place.
 G = Mean time per level.
                   A        B        C        D        E       F      G
               +--------+--------+--------+--------+--------+-----+--------+
         Total |   5283 |   5151 |    132 |    105 |   3983 |   5 | 1056.6 |
       Dungeon |   5113 |   5014 |     99 |    105 |   3864 |   4 | 1278.2 |
        Temple |    169 |    136 |     33 |      0 |    119 |   1 |  169.0 |
               +--------+--------+--------+--------+--------+-----+--------+

Top non-repeatable levels by time:
     D:2: 1498 daAuts
     D:3: 1474 daAuts
     D:4: 1195 daAuts
     D:1: 945 daAuts
  Temple: 169 daAuts
